[Event "Team 45 45 League T43"]
[Site "Internet Chess Club"]
[Date "2009.11.01"]
[Round "1"]
[White "Monsoon-Smith"]
[Black "Thenazgul"]
[Result "0-1"]
[WhiteElo "2040"]
[BlackElo "2144"]
[Opening "Queen's pawn: Lundin (Kevitz-Mikenas) defense"]
[ECO "A40"]
[Time "13:01:33"]
[TimeControl "2700+45"]

1. d4 Nc6 2. d5 Ne5 3. e4 c6 4. f4 Ng6 5. c4 e5 6. Nf3 exf4 7. Bd3 Bb4+ 8. Nc3
d6 9. O-O Nf6 10. Qe1 O-O 11. Kh1 Re8 12. Bd2 Ne5 13. Nxe5 dxe5 14. a3 Bc5 15.
b4 Bd4 16. Ra2 Ng4 17. Ne2 cxd5 18. exd5 Be3 19. Nc3 Qg5 20. h3 f5 21. c5 e4 22.
Bb5 Rd8 23. c6 bxc6 24. Bxc6 Rb8 25. b5 f3 26. gxf3 Qh6 27. Bxe3 Nxe3 28. Rff2
Qxh3+ 29. Kg1 Qg3+ 30. Kh1 Qh4+ 31. Kg1 Qg5+ 32. Rg2 Nxg2 33. Rxg2 Qf6 34. fxe4
Qd4+ 35. Kh1 f4 36. Ne2 Qe3 37. Qa1 Bg4 38. Qe5 f3 39. Rg1 fxe2 40. Rxg4 e1=Q+
{White resigns} 0-1

[Event "Team 45 45 League T43"]
[Site "Internet Chess Club"]
[Date "2009.11.03"]
[Round "1"]
[White "fledermaus"]
[Black "screamingeagle"]
[Result "1/2-1/2"]
[WhiteElo "2112"]
[BlackElo "2015"]
[Opening "QGD: Tarrasch, von Hennig-Schara gambit"]
[ECO "D32"]
[Time "19:00:09"]
[TimeControl "2700+45"]

1. d4 e6 2. c4 d5 3. Nc3 c5 4. cxd5 cxd4 5. Qa4+ Bd7 6. Qxd4 Na6 7. Bd2 Qc7 8.
Rc1 e5 9. Qd3 f5 10. e4 Bb4 11. a3 fxe4 12. Qg3 Be7 13. Bxa6 bxa6 14. Nxe4 Qb7
15. Qxe5 Kf8 16. Rc7 Qb5 17. Bc3 Nf6 18. Nxf6 Bxf6 19. Qd6+ Kg8 20. Qxd7 Bxc3+
21. bxc3 Re8+ 22. Kd2 Qb2+ 23. Kd3 Qb1+ 24. Kd2 Qe1+ 25. Kc2 Qxf2+ 26. Kb3 Qb6+
27. Ka2 Qg6 28. Rc8 Qc2+ 29. Ka1 Qc1+ {Game drawn by mutual agreement} 1/2-1/2

[Event "Team 45 45 League T43"]
[Site "Internet Chess Club"]
[Date "2009.11.01"]
[Round "1"]
[White "andretta"]
[Black "Telos"]
[Result "1-0"]
[WhiteElo "2379"]
[BlackElo "2496"]
[Opening "Old Benoni defense"]
[ECO "A46"]
[Time "18:00:09"]
[TimeControl "2700+45"]

1. d4 Nf6 2. Nf3 c5 3. d5 b5 4. a4 Bb7 5. e4 Nxe4 6. axb5 g6 7. Bc4 Bg7 8. O-O
Nd6 9. Na3 O-O 10. Re1 a6 11. bxa6 Nxa6 12. Bg5 Re8 13. c3 Nc7 14. Bb3 c4 15.
Nxc4 Rxa1 16. Qxa1 Nxc4 17. Bxc4 Bxd5 18. Bxd5 Nxd5 19. Qa3 d6 20. c4 Nc7 21. b4
Qd7 22. Qa7 Bc3 23. Bd2 Bxd2 24. Nxd2 Ra8 25. Qb7 Ra2 26. Nf3 e5 27. h3 Rb2 28.
b5 Qd8 29. Ra1 Kg7 30. Rd1 Ne6 31. Nxe5 Qf6 32. Ng4 Qf5 33. Qd5 Qc2 34. Qxd6 h5
35. Qe5+ Kf8 36. Qh8+ Ke7 37. Qf6+ Ke8 38. Ne3 Qb3 39. Qh8+ Ke7 40. Nd5+ Kd6 41.
Qb8+ Kc5 42. Qc8+ Kd6 43. c5+ Ke5 44. Qh8+ Ke4 45. f3+ {Black resigns} 1-0

[Event "Team 45 45 League T43"]
[Site "Internet Chess Club"]
[Date "2009.11.01"]
[Round "1"]
[White "goala"]
[Black "playwaycool"]
[Result "1-0"]
[WhiteElo "2167"]
[BlackElo "2117"]
[Opening "Two knights defense, Perreux variation"]
[ECO "C55"]
[Time "18:00:10"]
[TimeControl "2700+45"]

1. e4 e5 2. Nf3 Nc6 3. Bc4 Nf6 4. d4 exd4 5. Ng5 Ne5 6. Bb3 h6 7. f4 hxg5 8.
fxe5 Nxe4 9. Bd5 Nc5 10. O-O Ne6 11. Qf3 Qe7 12. Na3 c6 13. Nc4 Qc5 14. Qxf7+
Kd8 15. Bxe6 dxe6 16. Bxg5+ Be7 17. Qxg7 Bxg5 18. Qxh8+ Kc7 19. Rf7+ Bd7 20. Qg7
Rd8 21. Qxg5 Qxc4 22. Qd2 c5 23. b3 Qd5 24. Re1 Kb6 25. c4 dxc3 26. Qxc3 Rg8 27.
Qf3 Qd4+ 28. Qe3 Qd5 29. Qe4 Qd2 30. Rf2 Qa5 31. b4 cxb4 32. Qd4+ Kc7 33. Qd6+
Kc8 34. Rc1+ Kd8 35. Qb8+ {Black resigns} 1-0

[Event "Team 45 45 League T43"]
[Site "Internet Chess Club"]
[Date "2009.11.02"]
[Round "1"]
[White "xakelari"]
[Black "Russian"]
[Result "1/2-1/2"]
[WhiteElo "2061"]
[BlackElo "2090"]
[Opening "Scandinavian defense"]
[ECO "B01"]
[Time "16:00:10"]
[TimeControl "2700+45"]

1. e4 d5 2. exd5 Nf6 3. Nc3 Nxd5 4. Bc4 Nxc3 5. bxc3 e6 6. d4 Be7 7. Nf3 O-O 8.
O-O b6 9. Ne5 Bb7 10. Qg4 Nd7 11. Nxf7 Rxf7 12. Qxe6 Qe8 13. Re1 Kf8 14. Qh3 Nf6
15. Ba3 Ne4 16. Bxe7+ Qxe7 17. Qxh7 Qf6 18. f3 Re8 19. Bxf7 Kxf7 20. fxe4 Ke7
21. Rf1 Qg5 22. Rae1 Kd8 23. Qf5 Qd2 24. Qf2 Qxc3 25. Re3 Qc4 26. Qe2 Qxa2 27.
e5 Ba6 28. c4 Qxe2 29. Rxe2 Bxc4 30. Ref2 Bxf1 31. Kxf1 Ke7 32. Ke1 Ke6 33. Kd2
c5 34. Ke3 cxd4+ 35. Kxd4 Rd8+ 36. Ke4 Rd1 37. Ra2 Rd7 38. Ra6 Rb7 39. h4 g6 40.
g3 Rg7 41. Ra1 Rc7 42. Rd1 Rc4+ 43. Rd4 Rxd4+ 44. Kxd4 a5 45. g4 a4 46. h5 a3
47. Kc3 gxh5 48. gxh5 Kxe5 49. h6 Kf6 50. Kb3 Kg6 51. Kxa3 Kxh6 52. Kb4 Kg6 53.
Kb5 Kf6 54. Kxb6 {Game drawn because neither player has mating material} 1/2-1/2

[Event "Team 45 45 League T43"]
[Site "Internet Chess Club"]
[Date "2009.10.31"]
[Round "1"]
[White "picante"]
[Black "cesaralexander"]
[Result "1-0"]
[WhiteElo "1923"]
[BlackElo "2021"]
[Opening "Sicilian"]
[ECO "B50"]
[Time "22:04:24"]
[TimeControl "2700+45"]

1. e4 c5 2. Nf3 d6 3. g3 g6 4. Bg2 Bg7 5. O-O Nc6 6. c3 Nf6 7. Re1 e5 8. a3 O-O
9. b4 a6 10. Bb2 b5 11. d4 c4 12. a4 Bb7 13. Na3 Qb6 14. d5 Ne7 15. h3 Nh5 16.
Bc1 Bc8 17. Be3 Qb7 18. Re2 f5 19. exf5 Nxf5 20. Bd2 Ne7 21. Bg5 Rf7 22. Nb1 Qb6
23. Be3 Qb7 24. Ng5 Rf8 25. Ne4 Nf5 26. Bc1 Nf6 27. Nbd2 Bd7 28. Nxf6+ Bxf6 29.
Ne4 Qc7 30. g4 Ne7 31. axb5 Bxb5 32. Bh6 Bg7 33. Bg5 Rf7 34. Bh4 h6 35. Bg3 Raf8
36. Qd2 Qc8 37. Nxd6 Qd7 38. Nxf7 Kxf7 39. d6 Nc6 40. Qd5+ Ke8 41. f4 Kd8 42.
fxe5 Qa7+ 43. Bf2 Qf7 44. Bb6+ Kc8 45. Qxf7 Rxf7 46. e6 Rf8 47. e7 Re8 48. Rxa6
Nxe7 49. Ra8+ Kd7 50. Rxe8 {Black resigns} 1-0

[Event "Team 45 45 League T43"]
[Site "Internet Chess Club"]
[Date "2009.10.30"]
[Round "1"]
[White "mdennis92"]
[Black "ElCreyente"]
[Result "1/2-1/2"]
[WhiteElo "2128"]
[BlackElo "2310"]
[Opening "Sicilian: Canal-Sokolsky attack, 3...Bd7"]
[ECO "B52"]
[Time "05:30:16"]
[TimeControl "2700+45"]

1. e4 c5 2. Nf3 d6 3. Bb5+ Bd7 4. Bxd7+ Nxd7 5. O-O Ngf6 6. Re1 e6 7. c3 Be7 8.
d4 cxd4 9. cxd4 d5 10. e5 Ne4 11. Nbd2 Nxd2 12. Bxd2 O-O 13. Rc1 Nb6 14. Ba5 Qd7
15. Bxb6 axb6 16. Qb3 b5 17. Re2 Rfc8 18. Rec2 Rc4 19. a3 Rac8 20. g3 Qc6 21.
Rc3 Bd8 22. Nd2 Bb6 23. Nxc4 dxc4 24. Qb4 Bxd4 25. R3c2 Bc5 26. Qc3 Rd8 27. Rd2
Rd5 28. Rcd1 Qd7 29. b3 h6 30. Kf1 Rxd2 31. Rxd2 Qc6 32. b4 Qh1+ 33. Ke2 Qe4+
34. Kf1 Qh1+ 35. Ke2 Qe4+ 36. Kf1 {Game drawn by mutual agreement} 1/2-1/2

[Event "Team 45 45 League T43"]
[Site "Internet Chess Club"]
[Date "2009.10.30"]
[Round "1"]
[White "Vaigpertu"]
[Black "kingcapture"]
[Result "1-0"]
[WhiteElo "2193"]
[BlackElo "2294"]
[Opening "King's Indian: Averbakh system"]
[ECO "E73"]
[Time "17:00:28"]
[TimeControl "2700+45"]

1. d4 Nf6 2. c4 g6 3. Nc3 Bg7 4. e4 d6 5. Be2 O-O 6. Bg5 Na6 7. f4 c6 8. Nf3 Nc7
9. Bh4 d5 10. cxd5 cxd5 11. e5 Ne4 12. O-O Bf5 13. Qb3 Rb8 14. Rad1 b5 15. Ng5
Nxg5 16. Bxg5 b4 17. Na4 Ne6 18. Nc5 Nxc5 19. dxc5 Be4 20. Bf3 Qc7 21. Bxe4
Qxc5+ 22. Kh1 dxe4 23. Rc1 Qb5 24. Bxe7 Rfe8 25. Bd6 Rb7 26. Rfe1 g5 27. Rxe4
gxf4 28. Rxb4 Qxb4 29. Bxb4 Reb8 30. a3 a5 31. e6 axb4 32. exf7+ Rxf7 33. Rc7
Rf8 34. axb4 Be5 35. Re7 Bf6 36. Rxf7 Rxf7 37. b5 Kg7 38. b6 Re7 39. Kg1 Rb7 40.
Qc4 Be5 41. Qe4 Re7 42. b7 Kf6 43. Qxe5+ Rxe5 44. b8=Q {Black resigns} 1-0

[Event "Team 45 45 League T42"]
[Site "Internet Chess Club"]
[Date "2009.10.29"]
[Round "1"]
[White "demo05"]
[Black "lluisdp"]
[Result "1/2-1/2"]
[WhiteElo "2069"]
[BlackElo "2059"]
[Opening "French: Winawer, Alekhine (Maróczy) gambit"]
[ECO "C15"]
[Time "14:02:58"]
[TimeControl "2700+45"]

1. e4 e6 2. d4 d5 3. Nc3 Bb4 4. Ne2 dxe4 5. a3 Be7 6. Nxe4 Nf6 7. N2g3 Nbd7 8.
Bd3 O-O 9. O-O Nxe4 10. Nxe4 c5 11. dxc5 f5 12. Nd6 Nxc5 13. Nxc8 Rxc8 14. Bc4
Qxd1 15. Rxd1 Kh8 16. b4 Bf6 17. Be3 Ne4 18. Bxe6 Rxc2 19. Bxf5 Bxa1 20. Bxe4
Ra2 21. Bxa7 Rxa3 22. Bc5 Re8 23. Bxb7 Bf6 24. Bc6 Rd8 25. Rxd8+ Bxd8 26. g3 Bb6
27. Bxb6 Ra6 28. Bc5 Rxc6 29. Kg2 Kg8 30. Kf3 Kf7 31. Kf4 Ke6 32. h4 Kd5 33. g4
Rf6+ 34. Ke3 Re6+ 35. Kf4 Rf6+ 36. Kg3 Ke4 {Game drawn by mutual agreement}
1/2-1/2

[Event "Team 45 45 League T43"]
[Site "Internet Chess Club"]
[Date "2009.10.30"]
[Round "1"]
[White "PopolVuh"]
[Black "Jack-ONeill"]
[Result "1-0"]
[WhiteElo "1876"]
[BlackElo "1996"]
[Opening "English: Anglo-Dutch defense"]
[ECO "A96"]
[Time "12:00:47"]
[TimeControl "2700+45"]

1. c4 f5 2. Nc3 Nf6 3. g3 e6 4. Bg2 Be7 5. Nf3 O-O 6. O-O d6 7. d4 Ne4 8. Qc2
Nxc3 9. Qxc3 Bf6 10. Rd1 a5 11. Ne1 Qe8 12. Qc2 Nc6 13. Be3 e5 14. d5 Nb4 15.
Qd2 f4 16. gxf4 Qg6 17. Kh1 Bf5 18. Nd3 Nxd3 19. exd3 exf4 20. Bxf4 Bd4 21. Be3
Be5 22. d4 Be4 23. Rg1 Bf6 24. Rae1 Rae8 25. Qxa5 Bd8 26. Qd2 Rf3 27. Qe2 Qh5
28. Qf1 Bf6 29. b4 Re5 30. Bd2 Rh3 31. Bf4 Rf3 32. dxe5 Rxf4 33. Rxe4 Bxe5 34.
Rxf4 Bxf4 35. h3 {Black resigns} 1-0

[Event "Team 45 45 League T43"]
[Site "Internet Chess Club"]
[Date "2009.11.01"]
[Round "1"]
[White "GaShMa"]
[Black "easycure"]
[Result "0-1"]
[WhiteElo "2144"]
[BlackElo "2398"]
[Opening "Sicilian defense"]
[ECO "B40"]
[Time "14:01:19"]
[TimeControl "2700+45"]

1. e4 c5 2. Nf3 e6 3. d3 Nc6 4. g3 g6 5. Bg2 Bg7 6. O-O Nge7 7. c3 d6 8. Nbd2
O-O 9. a3 Rb8 10. Qc2 b5 11. Rb1 Ba6 12. b4 cxb4 13. axb4 Rc8 14. Qa2 Bb7 15. d4
Qd7 16. Bb2 Ra8 17. Nb3 Nc8 18. e5 N6e7 19. exd6 Qxd6 20. Nc5 Bd5 21. Qa6 Nb6
22. Nd2 Bxg2 23. Kxg2 Qc6+ 24. Kg1 Ned5 25. Ndb3 Nc7 26. Qxa7 Rxa7 {White
resigns} 0-1

[Event "Team 45 45 League T43"]
[Site "Internet Chess Club"]
[Date "2009.11.02"]
[Round "1"]
[White "jorobo"]
[Black "SlimeDog2"]
[Result "0-1"]
[WhiteElo "2180"]
[BlackElo "2158"]
[Opening "Grünfeld: modern exchange variation"]
[ECO "D85"]
[Time "23:02:00"]
[TimeControl "2700+45"]

1. c4 Nf6 2. Nc3 d5 3. cxd5 Nxd5 4. d4 g6 5. e4 Nxc3 6. bxc3 Bg7 7. Nf3 c5 8.
Rb1 O-O 9. Be2 b6 10. O-O Bb7 11. Qd3 Ba6 12. Qe3 Qd7 13. Bxa6 Nxa6 14. Qe2 Nc7
15. Rd1 Qa4 16. Rb3 cxd4 17. cxd4 Ne6 18. Bb2 Rfd8 19. Ra3 Qb4 20. Rb3 Qa4 21.
d5 Qxa2 22. Rb5 Rac8 23. Ra1 Qxa1+ 24. Bxa1 Rc1+ 25. Ne1 Rxa1 26. Qd2 Nd4 27.
Rb2 Rc8 28. f3 Rcc1 {White resigns} 0-1

[Event "Team 45 45 League T43"]
[Site "Internet Chess Club"]
[Date "2009.10.30"]
[Round "1"]
[White "adh2050"]
[Black "Ser-Enigma"]
[Result "1-0"]
[WhiteElo "2022"]
[BlackElo "2136"]
[Opening "Ruy Lopez: 5.O-O"]
[ECO "C78"]
[Time "12:07:06"]
[TimeControl "2700+45"]

1. e4 e5 2. Nf3 Nc6 3. Bb5 a6 4. Ba4 Nf6 5. O-O b5 6. Bb3 Bc5 7. a4 Rb8 8. c3 d6
9. d4 Bb6 10. axb5 axb5 11. Na3 exd4 12. cxd4 Bg4 13. Nxb5 O-O 14. Ba4 Nxe4 15.
Qc2 Bxf3 16. gxf3 Nxd4 17. Nxd4 Ng5 18. Nc6 Nxf3+ 19. Kg2 Nh4+ 20. Kh3 Qf6 21.
Qe4 g5 22. Bc2 Ng6 23. Nxb8 Rxb8 24. Ra8 g4+ 25. Kxg4 Qh4+ 26. Kf3 Ne5+ 27. Kg2
Rxa8 28. Qxa8+ Kg7 29. Qe4 Qh5 30. Qf5 {Black resigns} 1-0

[Event "Team 45 45 League T43"]
[Site "Internet Chess Club"]
[Date "2009.11.01"]
[Round "1"]
[White "Guoruey"]
[Black "AMAV"]
[Result "0-1"]
[WhiteElo "2000"]
[BlackElo "2045"]
[Opening "Sicilian defense"]
[ECO "B30"]
[Time "18:01:27"]
[TimeControl "2700+45"]

1. e4 c5 2. Nf3 Nc6 3. Nc3 d6 4. Bc4 Nf6 5. h3 a6 6. a4 e6 7. O-O Qc7 8. d3 Be7
9. Bg5 b6 10. Qd2 Bb7 11. Rae1 O-O 12. Kh1 Nd7 13. Bf4 Bf6 14. Bh2 Nde5 15. Ng1
Nxc4 16. dxc4 Rad8 17. f4 Bxc3 18. Qxc3 Nd4 19. Nf3 Nxf3 20. gxf3 Qc6 21. Rg1 f6
22. b3 d5 23. f5 dxe4 24. Rxe4 exf5 25. Rf4 Qd7 26. Bg3 g5 27. Bh4 h6 {White
resigns} 0-1

[Event "Team 45 45 League T43"]
[Site "Internet Chess Club"]
[Date "2009.11.01"]
[Round "1"]
[White "chiiwen"]
[Black "onslaught"]
[Result "1-0"]
[WhiteElo "2086"]
[BlackElo "2140"]
[Opening "Sicilian: Sozin with ...a6 and ...b5"]
[ECO "B87"]
[Time "15:00:09"]
[TimeControl "2700+45"]

1. e4 c5 2. Nf3 d6 3. d4 cxd4 4. Nxd4 Nf6 5. Nc3 a6 6. Bc4 e6 7. Bb3 b5 8. O-O
Be7 9. a3 Qb6 10. Be3 Qb7 11. Re1 O-O 12. Bg5 Nbd7 13. f4 Nc5 14. e5 dxe5 15.
fxe5 Ne8 16. Bxe7 Qxe7 17. Qg4 Nxb3 18. cxb3 Bb7 19. Rac1 Rd8 20. Red1 b4 21.
axb4 Qxb4 22. Ne4 Rxd4 23. Nf6+ Nxf6 24. Rxd4 Nxg4 25. Rxb4 Bd5 26. Rxg4 Bxb3
27. Rb4 Bd5 28. Rc5 h6 29. Rb6 Ra8 30. b4 Kh7 31. g3 Kg6 32. Rxd5 {Black
resigns} 1-0

[Event "Team 45 45 League T43"]
[Site "Internet Chess Club"]
[Date "2009.11.01"]
[Round "1"]
[White "Zebbile"]
[Black "perikitosax"]
[Result "0-1"]
[WhiteElo "2004"]
[BlackElo "2157"]
[Opening "Queen's pawn game"]
[ECO "A46"]
[Time "10:09:40"]
[TimeControl "2700+45"]

1. Nf3 Nf6 2. d4 e6 3. Bf4 c5 4. e3 b6 5. Bd3 Bb7 6. Nbd2 Be7 7. h3 O-O 8. c3
cxd4 9. exd4 d6 10. Qe2 Nbd7 11. O-O Re8 12. Ne4 Qc7 13. Bh2 Bf8 14. Rfe1 Nxe4
15. Bxe4 Bxe4 16. Qxe4 b5 17. a3 Nf6 18. Qe2 Qc4 19. Nd2 Qxe2 20. Rxe2 Nd5 21.
Rae1 a5 22. c4 bxc4 23. Nxc4 Red8 24. Rc2 Be7 25. Kf1 Kf8 26. Ne3 Nxe3+ 27. fxe3
Rdc8 28. Rec1 Rxc2 29. Rxc2 Ke8 30. Ke2 Kd7 31. Kd3 Rb8 32. Bf4 Rb7 33. e4 d5
34. exd5 exd5 35. g4 f6 36. Bd2 a4 37. Bc3 Bd6 38. Re2 Rb8 39. Kc2 g6 40. Bd2 f5
41. gxf5 gxf5 42. Rg2 Re8 43. Rg7+ Re7 44. Rxe7+ Kxe7 45. Be1 f4 46. Kd3 Ke6 47.
Ke2 Kf5 48. Kf3 Be7 49. Bb4 Bf6 50. Bc5 Bh4 51. Bd6 Bf6 52. Bc5 Bd8 53. Bd6 Bb6
54. Bc5 Ba5 55. Bb4 Bd8 56. Bd6 Bb6 57. Bc5 Bxc5 58. dxc5 Ke5 59. Kg4 d4 60. c6
Kd6 61. Kxf4 Kxc6 62. Ke4 Kc5 63. Kd3 Kd5 64. Kd2 Kc4 65. Kc2 d3+ 66. Kd2 Kd4
67. h4 h5 68. Kd1 Ke3 69. Ke1 d2+ 70. Kd1 Kd3 {White resigns} 0-1

[Event "Team 45 45 League T43"]
[Site "Internet Chess Club"]
[Date "2009.10.31"]
[Round "1"]
[White "TerryMalloy"]
[Black "jonesey"]
[Result "0-1"]
[WhiteElo "2066"]
[BlackElo "2029"]
[Opening "King's Indian: Four pawns attack, main line"]
[ECO "E79"]
[Time "13:14:07"]
[TimeControl "2700+45"]

1. d4 Nf6 2. c4 g6 3. Nc3 Bg7 4. e4 d6 5. Be2 O-O 6. f4 c5 7. Nf3 cxd4 8. Nxd4
Nc6 9. Be3 Bd7 10. O-O Nxd4 11. Bxd4 Bc6 12. Bf3 Nd7 13. Bxg7 Kxg7 14. Qd4+ Kg8
15. b4 Qb6 16. Qxb6 Nxb6 17. Be2 Rac8 18. Nd5 Bxd5 19. cxd5 Rc2 20. Rfc1 Rxe2
{White resigns} 0-1

[Event "Team 45 45 League T43"]
[Site "Internet Chess Club"]
[Date "2009.11.01"]
[Round "1"]
[White "Legal"]
[Black "martineden"]
[Result "0-1"]
[WhiteElo "2027"]
[BlackElo "1937"]
[Opening "Blackmar-Diemer gambit"]
[ECO "D00"]
[Time "10:30:49"]
[TimeControl "2700+45"]

1. d4 d5 2. Nc3 Nf6 3. e4 Nxe4 4. Nxe4 dxe4 5. Bc4 e6 6. c3 b6 7. Ne2 Bd6 8. O-O
Bb7 9. Re1 Qe7 10. Bf4 Nd7 11. Qd2 Bd5 12. Bb5 a6 13. Ba4 b5 14. Bc2 f5 15. b3
O-O 16. Rac1 c5 17. c4 bxc4 18. bxc4 Bc6 19. Red1 Bxf4 20. Nxf4 e5 21. d5 exf4
22. dxc6 Ne5 23. Qd6 Qxd6 24. Rxd6 Rfc8 25. Ba4 Rab8 26. h3 Rb4 27. Rcd1 Nf7 28.
Rd7 Rxa4 29. c7 Kf8 30. Rd8+ Nxd8 31. Rxd8+ Ke7 32. Rxc8 Kd7 33. Rg8 Kxc7 34.
Rxg7+ Kd6 35. Rxh7 Rxc4 36. h4 Rc1+ 37. Kh2 e3 38. Rh6+ {White resigns} 0-1

[Event "Team 45 45 League T43"]
[Site "Internet Chess Club"]
[Date "2009.11.01"]
[Round "1"]
[White "Giacometti"]
[Black "noblitz-oblige"]
[Result "1-0"]
[WhiteElo "1792"]
[BlackElo "1681"]
[Opening "Bird's opening"]
[ECO "A03"]
[Time "09:00:15"]
[TimeControl "2700+45"]

1. f4 d5 2. Nf3 Nf6 3. e3 Bf5 4. Bb5+ c6 5. Be2 Nbd7 6. d3 e6 7. O-O Bc5 8. h3
Qc7 9. a4 Qxf4 10. d4 Qg3 11. dxc5 Bxh3 12. Rf2 Ng4 13. Qe1 Nde5 14. Kf1 Nxf3
15. Bxf3 Nxf2 16. Qxf2 Qxf2+ 17. Kxf2 Bf5 18. c3 O-O-O 19. Nd2 h5 20. b4 g5 21.
b5 Bd3 22. e4 g4 23. Be2 dxe4 24. Bxd3 exd3 25. Ne4 Rd5 26. Bf4 e5 27. c4 exf4
28. cxd5 cxd5 29. Nd6+ Kc7 30. Nxf7 Re8 31. Rd1 Re3 32. Nd6 f3 33. Kxe3 h4 34.
Nf5 g3 35. Kxf3 {Black resigns} 1-0

[Event "Team 45 45 League T42"]
[Site "Internet Chess Club"]
[Date "2009.10.28"]
[Round "1"]
[White "RD1974"]
[Black "DanMcClintic"]
[Result "1/2-1/2"]
[WhiteElo "1632"]
[BlackElo "1578"]
[Opening "Caro-Kann: anti-anti-Caro-Kann defense"]
[ECO "B10"]
[Time "18:29:28"]
[TimeControl "2700+45"]

1. e4 c6 2. c4 d5 3. cxd5 cxd5 4. exd5 Qxd5 5. Nc3 Qe6+ 6. Be2 Nf6 7. Nf3 g6 8.
O-O Bg7 9. d4 Nd5 10. Bc4 Nxc3 11. Bxe6 Nxd1 12. Bxc8 Nd7 13. Bxd7+ Kxd7 14.
Rxd1 Rac8 15. Be3 Rc2 16. Ne5+ Ke6 17. Nd3 Rhc8 18. Rac1 b6 19. d5+ Kd7 20. Rxc2
Rxc2 21. Rc1 Rxc1+ 22. Bxc1 Kd6 23. Nb4 a5 24. Nc6 e6 25. Nd8 Ke7 26. Nc6+ Kd6
27. Nd8 Ke7 28. Nb7 exd5 29. b3 Kd7 30. Bf4 Bf8 31. Kf1 g5 32. Bg3 f5 33. Be5
Be7 34. f4 g4 35. Ke2 Kc6 36. Nxa5+ bxa5 37. Kd3 Bc5 38. h3 h5 39. Kc3 Bb4+ 40.
Kb2 Bc5 41. a3 d4 42. b4 axb4 43. axb4 Bb6 44. Kb3 Kd5 45. Bb8 d3 46. Kc3 Ke4
47. Kd2 Be3+ 48. Kd1 Bxf4 49. Bxf4 Kxf4 50. Kd2 Kg3 51. b5 f4 52. b6 f3 53. b7
f2 54. b8=Q+ Kxg2 55. hxg4 f1=Q 56. Qb7+ Kg3 57. Qc7+ Kxg4 58. Qg7+ Kh3 59. Qd7+
Kg3 60. Qg7+ Kh4 61. Qd4+ Kg3 62. Qg7+ Kh4 63. Qd4+ Kg3 64. Qg7+ Kh2 65. Qe5+
Kg1 66. Qxh5 Qe2+ 67. Qxe2 dxe2 68. Kxe2 {Game drawn because neither player has
mating material} 1/2-1/2

[Event "Team 45 45 League T43"]
[Site "Internet Chess Club"]
[Date "2009.10.30"]
[Round "1"]
[White "cobra2008"]
[Black "OGO"]
[Result "1-0"]
[WhiteElo "1614"]
[BlackElo "1516"]
[Opening "Hungarian defense"]
[ECO "C50"]
[Time "17:30:17"]
[TimeControl "2700+45"]

1. e4 e5 2. Nf3 Nc6 3. Bc4 Be7 4. d4 d6 5. c3 Nf6 6. Nbd2 O-O 7. O-O a6 8. a4 b6
9. d5 Nb8 10. b4 c6 11. Qc2 cxd5 12. exd5 Bb7 13. Qd3 Re8 14. Ne4 Nbd7 15. Be3
Nxe4 16. Qxe4 Nf6 17. Qf5 Bxd5 18. Bxd5 Nxd5 19. Qd3 Nf6 20. Ng5 Qd7 21. Bxb6
Qc6 22. a5 e4 23. Qd4 d5 24. Qe3 Rac8 25. Bd4 h6 26. Nh3 Bd6 27. Bxf6 gxf6 28.
Nf4 Kh7 29. Rac1 Be5 30. Rfd1 Red8 31. Nxd5 f5 32. c4 Bf6 33. b5 Qe6 34. Nxf6+
Qxf6 35. Rxd8 Rxd8 36. b6 Qc6 37. Qf4 Qxc4 38. Qxf5+ Kg7 39. Qg4+ {Black
resigns} 1-0

[Event "Team 45 45 League T42"]
[Site "Internet Chess Club"]
[Date "2009.10.29"]
[Round "1"]
[White "islanderpfeifer"]
[Black "badmove"]
[Result "1-0"]
[WhiteElo "1562"]
[BlackElo "1613"]
[Opening "Queen's pawn: Yusupov-Rubinstein system"]
[ECO "A46"]
[Time "17:23:36"]
[TimeControl "2700+45"]

1. d4 Nf6 2. Nf3 e6 3. e3 b6 4. Bd3 Bb7 5. Nbd2 c5 6. c3 Be7 7. e4 cxd4 8. cxd4
Nc6 9. e5 Nd5 10. Be4 d6 11. Nc4 dxe5 12. dxe5 b5 13. Na3 Bxa3 14. bxa3 Qa5+ 15.
Bd2 Qxa3 16. O-O Nc3 17. Bxc3 Qxc3 18. Rc1 Rd8 19. Qxd8+ {Black resigns} 1-0

[Event "Team 45 45 League T43"]
[Site "Internet Chess Club"]
[Date "2009.10.31"]
[Round "1"]
[White "cknights"]
[Black "Wheels"]
[Result "0-1"]
[WhiteElo "1761"]
[BlackElo "2029"]
[Opening "King's Indian: Sämisch, 5...O-O"]
[ECO "E81"]
[Time "16:01:34"]
[TimeControl "2700+45"]

1. d4 Nf6 2. c4 g6 3. Nc3 Bg7 4. e4 d6 5. f3 O-O 6. Nge2 e5 7. d5 Nh5 8. g4 Qh4+
9. Kd2 Nf4 10. Nxf4 exf4 11. Kc2 Be5 12. Bd2 Na6 13. a3 Nc5 14. b4 Nd7 15. Bd3
a5 16. Qe2 c6 17. Qg2 Nb6 18. Ra2 axb4 19. axb4 Rxa2+ 20. Nxa2 h6 21. Nc3 Bd7
22. Ra1 cxd5 23. exd5 Rc8 24. Qe2 Qf6 25. Ra7 Rc7 26. Kb3 Bd4 27. Qd1 Kh7 28.
Qc2 Nxc4 29. Bxc4 Bxa7 30. Ne4 Qa1 31. b5 Bxb5 32. Bxb5 Rxc2 33. Kxc2 Qa2+ 34.
Kc3 Qa5+ 35. Kc4 Qc7+ 36. Kd3 Qd8 37. Bc3 f5 38. Nf6+ Kg7 39. Be8 Qe7 40. gxf5
Qe3+ 41. Kc4 Kf8 42. Ba4 gxf5 43. Nh7+ Kf7 44. Bd7 Qxf3 45. Be6+ Ke8 46. Bg7 Bc5
47. Bf8 Qe2+ 48. Kb3 f3 49. Bxh6 f2 50. Bg5 f1=Q 51. Nf6+ Kd8 52. Ng8+ Kc7 53.
Ne7 Qfd1+ 54. Kc3 Qdc2# {White checkmated} 0-1

[Event "Team 45 45 League T43"]
[Site "Internet Chess Club"]
[Date "2009.11.02"]
[Round "1"]
[White "Portola"]
[Black "achessfool"]
[Result "1-0"]
[WhiteElo "1861"]
[BlackElo "1493"]
[Opening "Queen's pawn game"]
[ECO "D02"]
[Time "22:30:16"]
[TimeControl "2700+45"]

1. d4 d5 2. Nf3 e6 3. Bg5 Nf6 4. e3 c5 5. c3 Nc6 6. Bd3 Be7 7. Nbd2 cxd4 8. exd4
h6 9. Bh4 Nh5 10. Bxe7 Qxe7 11. O-O O-O 12. Re1 Bd7 13. Nf1 Qd6 14. Ne5 Nf6 15.
Qf3 Ne7 16. Ng3 a6 17. Nh5 Nh7 18. Bxh7+ Kxh7 19. Qg3 Ng6 20. Nxg6 Qxg3 21.
Nxf8+ Rxf8 22. Nxg3 f5 23. f4 g5 24. fxg5 hxg5 25. Rf1 Kg6 26. h3 f4 27. Nh1 Kh5
28. Nf2 Rf5 29. Ng4 Kh4 30. Ne5 Bc8 31. Rf3 a5 32. Ng6+ Kh5 33. Ne7 Rf8 34. Nxc8
Rxc8 35. Re1 Re8 36. g3 fxg3 37. Rxg3 Kg6 38. Re5 Kf6 39. Rgxg5 Ke7 40. h4 Kf6
41. h5 Ke7 42. h6 Rh8 43. Rg6 Rh7 44. Rexe6+ Kf7 45. Rgf6+ Kg8 46. Re8# {Black
checkmated} 1-0

[Event "Team 45 45 League T43"]
[Site "Internet Chess Club"]
[Date "2009.10.31"]
[Round "1"]
[White "TheronUAL"]
[Black "g8wrb"]
[Result "0-1"]
[WhiteElo "1511"]
[BlackElo "1494"]
[Opening "Alekhine's defense: Scandinavian variation"]
[ECO "B02"]
[Time "10:00:18"]
[TimeControl "2700+45"]

1. e4 Nf6 2. Nc3 d5 3. exd5 Nxd5 4. Nf3 Nxc3 5. bxc3 Bg4 6. Bc4 g6 7. Ne5 Be6 8.
Bxe6 fxe6 9. Qf3 Qd5 10. Qg3 Nc6 11. Nxc6 Qxc6 12. O-O O-O-O 13. Re1 Bg7 14. Qg4
Rd6 15. a4 Kb8 16. Ba3 Rxd2 17. Bb4 Qb6 18. Re2 Rxe2 19. Qxe2 Bf6 20. Re1 e5 21.
Rd1 Qc6 22. Qd3 Kc8 23. Qh3+ e6 24. a5 b6 25. Qe3 h5 26. Qc1 h4 27. h3 Rh5 28.
Qe3 Rg5 29. g3 hxg3 30. fxg3 Rf5 31. Rf1 Rxf1+ 32. Kxf1 Qh1+ 33. Ke2 Qxh3 34. a6
Qg4+ 35. Kd3 Qf5+ 36. Qe4 Qf1+ 37. Qe2 e4+ {White forfeits on time} 0-1

[Event "Team 45 45 League T43"]
[Site "Internet Chess Club"]
[Date "2009.10.31"]
[Round "1"]
[White "AtomicDog"]
[Black "BishopMike"]
[Result "0-1"]
[WhiteElo "1339"]
[BlackElo "1420"]
[Opening "Sicilian"]
[ECO "B56"]
[Time "11:15:48"]
[TimeControl "2700+45"]

1. e4 c5 2. Nf3 Nc6 3. d4 cxd4 4. Nxd4 d6 5. Nc3 Nf6 6. f3 g6 7. Bc4 Bg7 8. Bb3
Qb6 9. Be3 e5 10. Ncb5 Nxd4 11. Nxd4 exd4 12. Bxd4 Qa5+ 13. Bc3 Qa6 14. Qd2 Be6
15. Bd5 O-O 16. Bxe6 fxe6 17. Bb4 Ne8 18. O-O-O Qxa2 {White resigns} 0-1